 Dungeon Crawl Stone Soup version 0.32-a0-876-gcfddb08e57 (webtiles) character file.

Game seed: 14046599612117607477

757 dialectric the Changeling (level 7, -2/67 HPs)
             Began as a Troll Shapeshifter on Apr 1, 2024.
             Slain by a sky beast (6 damage)
             ... on level 5 of the Dungeon.
             The game lasted 00:04:36 (3142 turns).

dialectric the Changeling (Troll Shapeshifter)      Turns: 3142, Time: 00:04:36

Health: -2/67      AC:  4    Str: 23    XL:     7   Next: 50%
Magic:  6/6        EV:  9    Int:  6    God:
Gold:   145        SH:  0    Dex: 11    Spells: 6/6 levels left

rFire   . . .        i - +2 spear (flame)
rCold   . . .        (no shield)
rNeg    . . .        a - +0 animal skin
rPois   +            (helmet currently unavailable)
rElec   .            (cloak currently unavailable)
rCorr   .            (gloves unavailable)
SInv    .            (boots unavailable)
Will    .....        o - amulet of the acrobat
Stlth   +            g - ring of poison resistance
HPRegen 1.11/turn    (no ring)
MPRegen 0.10/turn

%: acrobat
@: beast-form
A: beast (slay +2), large, unfitting armour, claws 3, regeneration 1, shaggy fur
1, tough skin 1
a: Begin Untransformation


You were on level 5 of the Dungeon.
You were a hulking beast.
You visited 1 branch of the dungeon, and saw 5 of its levels.
You also visited: Sewer.

You collected 145 gold pieces.

Inventory:

Hand Weapons
 i - a +2 spear of flaming (weapon)
 j - a +2 hand axe of electrocution
 D - a +0 trident
Missiles
 b - 10 poisoned darts (quivered)
Armour
 a - a +0 animal skin (worn)
Jewellery
 g - a ring of poison resistance (left claw)
 o - an amulet of the acrobat (around neck)
 p - a ring of willpower
 r - a ring of see invisible
 u - an amulet of faith
Talismans
 c - a beast talisman (active)
 d - a flux talisman
 m - a maw talisman
Wands
 v - a wand of polymorph (5)
Scrolls
 e - 2 scrolls of teleportation {unknown}
 f - a scroll of fog {unknown}
 l - a scroll of acquirement {unknown}
 n - 2 scrolls of identify {unknown}
 y - a scroll of fear {unknown}
 B - 2 scrolls of noise {unknown}
 C - a scroll of torment {unknown}
 E - a scroll of brand weapon {unknown}
Potions
 h - a potion of berserk rage {unknown}
 k - 2 potions of might {unknown}
 q - 4 potions of enlightenment
 s - a potion of mutation {unknown}
 t - 2 potions of heal wounds
 w - a potion of ambrosia {unknown}
 x - a potion of lignification
 z - a potion of degeneration {unknown}
 A - a potion of curing {unknown}


   Skills:
 + Level 3.3 Fighting
 + Level 3.0 Polearms
 + Level 1.1 Armour
 + Level 3.6 Dodging
 - Level 3.2 Unarmed Combat
 + Level 4.7 Shapeshifting


You had 6 spell levels left.
You didn't know any spells.
Your spell library contained the following spells:

 Spells                   Type           Power      Damage    Failure   Level
 Necrotise                Necr           0%         1d4       45%         1
 Shock                    Conj/Air       0%         1d3       45%         1
 Swiftness                Air            0%         N/A       83%         3
 Vampiric Draining        Necr           0%         2d6       83%         3
 Airstrike                Air            0%         2d(0-16)  99%         4
 Martyr's Knell           Necr/Summ      0%         N/A       99%         4
 Curse of Agony           Necr           0%         N/A       100%        5


Dungeon Overview and Level Annotations

Branches:
Dungeon (5/15)             Temple (0/1) D:4           Sewer (visited)

Altars:
Dithmenos
Sif Muna

Shops:
D:5 ?


Innate Abilities, Weirdness & Mutations

You are a hulking beast.
Your limbs bulge with bestial killing power. (Slay +2)
You are too large for most types of armour.
You have claws for hands.
Your natural rate of healing is unusually fast.
You are covered in fur. (AC +1)
You have tough skin. (AC +1)


Message History

The orc is almost dead.
Something hits you. Something shocks you.
You are too injured to fight recklessly!
You are too injured to fight recklessly!
You are too injured to fight recklessly!
You are too injured to fight recklessly!
You are too injured to fight recklessly!
You are too injured to fight recklessly!
You are too injured to fight recklessly!
You are too injured to fight recklessly!
Unknown command.
The orc completely misses you. Something hits you. Something shocks you.
You barely miss the orc.
The orc is almost dead.
The orc hits you with a +0 whip.
You are too injured to fight recklessly!
You hit the orc. You burn the orc.
You kill the orc!
You hit something. You burn something. Something hits you.
Something shocks you.
You hit something. You burn something. Something hits you.
* * * LOW HITPOINT WARNING * * *
Something shocks you.
* * * LOW HITPOINT WARNING * * *
You barely miss something. Something hits you.
* * * LOW HITPOINT WARNING * * *
Something shocks you.
* * * LOW HITPOINT WARNING * * *
You closely miss something. Something hits you but does no damage.
You closely miss something. Something hits you.
* * * LOW HITPOINT WARNING * * *
Something shocks you.
* * * LOW HITPOINT WARNING * * *
You closely miss something.
Reactivating autopickup.
A sky beast appears from thin air!
The sky beast hits you.
* * * LOW HITPOINT WARNING * * *
The sky beast shocks you.
You die...

.........#### #
.####......#
###..##### #....# #
#.##.# #.##.##.#
#.......#####
####.###....#######
#..hYo.......<..
#.###....)...... #
#######.[... .... .


You could see a sky beast and an orc.

Vanquished Creatures
  Sigmund (D:3)
  2 kobold brigands (Sewer)
  A scorpion (D:4)
  A howler monkey (D:5)
  A hound (D:5)
  A jelly (D:4)
  An iguana (D:4)
  2 orc wizards
  Robin (D:3)
  3 adders
  7 gnolls
  2 river rats
  3 dart slugs
  2 ribbon worms (D:2)
  6 orcs
  7 endoplasms
  6 giant cockroaches
  20 goblins
  6 hobgoblins
  2 jackals
  A ball python (D:2)
  6 bats
  2 frilled lizards
  8 kobolds
  8 rats
100 creatures vanquished.

Notes
Turn   | Place    | Note
-------+----------+-------------------------------------------
     0 | D:1      | dialectric the Troll Shapeshifter began the quest for the
                  | Orb.
     0 | D:1      | Reached XP level 1. HP: 18/18 MP: 0/0
   111 | D:1      | Reached skill level 1 in Fighting
   132 | D:1      | Reached XP level 2. HP: 24/27 MP: 1/1
   914 | D:2      | Reached XP level 3. HP: 31/33 MP: 2/2
  1342 | D:3      | Found a shimmering blue altar of Sif Muna.
  1515 | D:3      | Found a shadowy altar of Dithmenos.
  1567 | D:3      | Reached skill level 1 in Polearms
  1567 | D:3      | Reached XP level 4. HP: 42/42 MP: 3/3
  1609 | D:3      | Found a glowing drain.
  1613 | Sewer    | Entered a sewer
  1687 | Sewer    | Noticed a kobold brigand
  1689 | Sewer    | Noticed a kobold brigand
  1706 | Sewer    | Killed a kobold brigand
  1707 | Sewer    | Reached XP level 5. HP: 26/49 MP: 4/4
  1739 | Sewer    | Reached skill level 4 in Shapeshifting
  1798 | Sewer    | Found a white marble altar of Elyvilon.
  1982 | D:3      | Noticed Robin
  2005 | D:3      | Reached XP level 6. HP: 59/59 MP: 5/5
  2022 | D:3      | Killed Robin
  2116 | D:3      | Noticed Sigmund
  2127 | D:3      | Killed Sigmund
  2444 | D:4      | Reached XP level 7. HP: 67/67 MP: 6/6
  2451 | D:4      | Found a staircase to the Ecumenical Temple.
  2955 | D:5      | Entered Level 5 of the Dungeon
  3035 | D:5      | Found Natiucoz's Magic Scroll Emporium.
  3107 | D:5      | Reached skill level 1 in Armour
  3142 | D:5      | Slain by a sky beast

Illustrated notes

Levels and vault maps discovered:
D:1:      ebering_trefoil_twist, layout_rooms, patterned_corridor
D:2:      layout_basic, minmay_heptomino_l4
D:3:      layout_loops_ring, grunt_dithmenos_smoke, old_standard_altar,
          serial_bayou, serial_bayou_pond_d, serial_bayou_lagoon_a,
          serial_bayou_shore_b, serial_bayou_pond_a, serial_bayou_pond_e,
          portal_sewer_entry_e, hex_tiny, minmay_misc_feat_nine_boxes,
          corexii_corridor_pit, uniq_sigmund, uniq_robin
D:4:      layout_gridville, minmay_temple_entry_drinking_statues
D:5:      layout_loops_cross, serial_shops, nicolae_shop_tiny_waterfront,
          uniq_crazy_yiuf_cottage

Skill      XL: |  1  2  3  4  5  6  7 |
---------------+----------------------+-----
Fighting       | 1 2 3 |  3.3
Dodging        | 2 3 |  3.6
Polearms       | 1 2 3 |  3.0
Shapeshifting  | 4 |  4.7
Armour         | 1 |  1.1
Unarmed Combat | |  3.2

Action                     |  1- 3 |  4- 6 |  7- 9 || total
---------------------------+-------+-------+-------++-------
  Melee: Unarmed           |    35 |       |       ||    35
         Spear             |    42 |   130 |    80 ||   252
    Use: Potion            |       |     1 |       ||     1
         Scroll            |       |       |     1 ||     1
   Stab: Sleeping          |     5 |     1 |     1 ||     7
 Armour: Animal skin       |    37 |    56 |    60 ||   153
         Skin              |       |    77 |       ||    77
  Dodge: Dodged            |    20 |    58 |    28 ||   106

Table legend: (Time is in decaauts)
 A = Elapsed time spent in this place.
 B = Non-inter-level travel time spent in this place.
 C = Inter-level travel time spent in this place.
 D = Time resting spent in this place.
 E = Time spent auto-exploring this place.
 F = Levels seen in this place.
 G = Mean time per level.
                   A        B        C        D        E       F      G
               +--------+--------+--------+--------+--------+-----+--------+
         Total |   3139 |   3047 |     92 |     43 |   2269 |   6 |  523.2 |
       Dungeon |   2909 |   2817 |     92 |      6 |   2160 |   5 |  581.8 |
         Sewer |    230 |    230 |      0 |     37 |    109 |   1 |  230.0 |
               +--------+--------+--------+--------+--------+-----+--------+

Top non-repeatable levels by time:
     D:2: 836 daAuts
     D:3: 721 daAuts
     D:4: 661 daAuts
     D:1: 505 daAuts
   Sewer: 230 daAuts
     D:5: 184 daAuts
